 Seeded DCSS version 0.32-a0-913-g739538afd8 (webtiles) character file.

Game seed: 17073724502869601980 (custom seed)

6298 timneilson the Nimble (level 10, -7/77 HPs)
             Began as a Demonspawn Gladiator on Apr 8, 2024.
             Was an Initiate of Gozag.
             Mangled by a skeletal warrior
             ... wielding a +0 dire flail
              (21 damage)
             ... on level 8 of the Dungeon.
             The game lasted 00:15:22 (9467 turns).

timneilson the Nimble (Demonspawn Gladiator)        Turns: 9467, Time: 00:15:22

Health: -7/77      AC: 19    Str: 14    XL:     10   Next: 63%
Magic:  10/10      EV: 16    Int:  9    God:    Gozag
Gold:   798        SH: 10    Dex: 27    Spells: 9/9 levels left

rFire   x . .        x - +0 scimitar
rCold   . . .        G - +0 buckler
rNeg    + + .        n - +1 chain mail
rPois   +            t - +1 helmet
rElec   .            (no cloak)
rCorr   +            (gloves unavailable)
SInv    +            f - +1 pair of boots of Foxky {rPois Dex+5}
Will    .....        F - amulet of Ephemeral Luck {Reflect rPois rF- rN++ Dex+3 Slay+3 SH+5} Stlth
                     m - ring of see invisible
HPRegen 0.32/turn    p - ring of resist corrosion
MPRegen 0.12/turn

%: reflection
@: agile, studying Dodging
A: thin metallic scales 2, powered by pain 1, demonic touch 3
a: Renounce Religion, Potion Petition, Call Merchant, Bribe Branch


You were on level 8 of the Dungeon.
You worshipped Gozag.
Gozag was pleased with you.
You visited 2 branches of the dungeon, and saw 10 of its levels.

You collected 1689 gold pieces.
You spent 826 gold pieces at shops.
You paid 65 gold pieces to Gozag.

Inventory:

Hand Weapons
 a - a +0 long sword of protection
 x - a +0 scimitar (weapon)
Missiles
 d - 3 throwing nets (quivered)
 e - 7 javelins
 v - 24 poisoned darts
Armour
 f - the +1 pair of boots of Foxky (worn) {rPois Dex+5}
   (You acquired it on level 1 of the Dungeon)

   Dex+5:     It affects your dexterity (+5).
   rPois:     It protects you from poison.
 n - a +1 chain mail (worn)
 t - a +1 helmet (worn)
 G - a +0 buckler (worn)
Jewellery
 m - a ring of see invisible (left hand)
 p - a ring of resist corrosion (right hand)
 F - the amulet of Ephemeral Luck (around neck) {Reflect rPois rF- rN++ Dex+3 Slay+3 SH+5}
   (You bought it in a shop on level 8 of the Dungeon)

   [amulet of reflection]

   Reflect:   It reflects blocked missile attacks.
   Dex+3:     It affects your dexterity (+3).
   Slay+3:    It affects your accuracy & damage with ranged weapons and melee
   (+3).
   rF-:       It makes you vulnerable to fire.
   rPois:     It protects you from poison.
   rN++:      It greatly protects you from negative energy.
   SH+5:      It affects your SH (+5).
Wands
 o - a wand of roots (21)
 y - a wand of flame (17)
 D - a wand of mindburst (8)
 E - a wand of quicksilver (10)
Scrolls
 i - 2 scrolls of fear
 s - 2 scrolls of amnesia
 w - a scroll of revelation {unknown}
 B - a scroll of teleportation
 C - a scroll of summoning {unknown}
 H - a scroll of poison {unknown}
Potions
 b - 2 potions of lignification
 c - 2 potions of berserk rage
 g - a potion of mutation {unknown}
 h - a potion of haste {unknown}
 j - 2 potions of might
 k - 3 potions of curing
 l - 2 potions of ambrosia
 q - a potion of magic {unknown}
 r - a potion of degeneration {unknown}
 u - a potion of heal wounds {unknown}
 z - 2 potions of attraction {unknown}
 A - a potion of enlightenment {unknown}


   Skills:
 + Level 6.5 Fighting
 * Level 8.4 Long Blades
 - Level 1.7 Throwing
 * Level 7.8 Armour
 + Level 8.6 Dodging
 * Level 0.3 Shields
 + Level 5.6 Evocations


You had 9 spell levels left.
You didn't know any spells.
Your spell library contained the following spells:

 Spells                   Type           Power      Damage    Failure   Level
 Sting                    Conj/Alch      0%         1d3       100%        1
 Mercury Vapours          Alch/Air       0%         N/A       100%        2
 Summon Ice Beast         Ice/Summ       0%         N/A       100%        3
 Volatile Blastmotes      Fire/Tloc      0%         2d10      100%        3
 Fulminant Prism          Conj/Alch      0%         3d5       100%        4
 Iskenderun's Mystic Bla Conj/Tloc 0%             2d3        (+2d1     100%        4
 Olgreb's Toxic Radiance  Alch           0%         N/A       100%        4
 Summon Mana Viper        Hex/Summ       0%         N/A       100%        5
 Monstrous Menagerie      Summ           0%         N/A       100%        7


Dungeon Overview and Level Annotations

Branches:
Dungeon (9/15)             Temple (1/1) D:5
   Lair: D:8-11         Orc: D:9-12

Altars:
Ashenzari
Cheibriados
Dithmenos
Fedhas
Gozag
Hepliaklqana
Kikubaaqudgha
Makhleb
Nemelex Xobeh
Okawaru
Qazlal
Ru
Sif Muna
Trog
Uskayaw
Vehumet
Wu Jian
Xom
Yredelemnul

Shops:
D:8 =


Innate Abilities, Weirdness & Mutations

You are mostly covered in thin metallic scales. (AC +3)
You sometimes gain a little power by taking damage.
Your touch may irresistibly damage your foes and sap their willpower.


Message History

A steam dragon comes into view.
You block the skeletal warrior's attack.
You slash the skeletal warrior!
The skeletal warrior is moderately damaged.
The skeletal warrior hits you but does no damage.
The skeletal warrior hits you with a +0 dire flail!
You climb upwards.
There is a stone staircase leading down, spattered with blood here.
You hit the skeletal warrior.
The skeletal warrior is moderately damaged.
The skeletal warrior completely misses you.
You hit the skeletal warrior but do no damage.
The skeletal warrior is moderately damaged.
You block the skeletal warrior's attack.
You hit the skeletal warrior but do no damage.
The skeletal warrior is moderately damaged.
You block the skeletal warrior's attack.
You hit the skeletal warrior but do no damage.
The skeletal warrior is moderately damaged.
The skeletal warrior barely misses you.
You hit the skeletal warrior but do no damage.
The skeletal warrior is moderately damaged.
You block the skeletal warrior's attack.
You slash the skeletal warrior!
The skeletal warrior is heavily damaged.
The skeletal warrior hits you with a +0 dire flail.
You closely miss the skeletal warrior.
The skeletal warrior is heavily damaged.
The skeletal warrior hits you with a +0 dire flail!!
* * * LOW HITPOINT WARNING * * *
You focus on the pain.
You feel agile all of a sudden.
You completely miss the skeletal warrior.
The skeletal warrior is heavily damaged.
The skeletal warrior hits you but does no damage.
You hit the skeletal warrior but do no damage.
The skeletal warrior is heavily damaged.
The skeletal warrior hits you with a +0 dire flail!!
You die...
Your body crumbles into a pile of gold.

##........#####...............
#.........##......)).........
##.#...##.....##..)).........
#####........###.#.)........
###..##........#....#.....
#.......##.##......##.....
###......###.......#......
##.....####.....#.......#
####......)@#..........^....
##.##......z...............##
#...#........................
#...........................#
######.....####..................
#....#...........................
#................................
#................................
##..........................)####


You could see a skeletal warrior.

Vanquished Creatures
  A centaur warrior (D:8)
  2 two-headed ogres
  Joseph (D:8)
  A wyvern (D:8)
  5 yaks
  A steam dragon (D:9)
  3 water moccasins
  2 orc warriors
  A black bear (D:6)
  An ogre (D:6)
  3 centaurs
  2 phantoms
  2 kobold brigands
  3 bullfrogs
  2 gnoll sergeants
  2 scorpions (D:5)
  3 wights (D:7)
  3 killer bees (D:7)
  4 howler monkeys
  4 hounds
  9 orc priests
  A gnoll bouda (D:8)
  2 sleepcaps
  3 iguanas
  7 orc wizards
  16 gnolls
  11 adders
  A shadow imp (D:8)
  A white imp (D:7)
  2 ufetubi (D:6)
  3 dart slugs
  40 orcs
  8 endoplasms
  5 giant cockroaches
  8 hobgoblins
  11 jackals
  4 quokkas
  3 ball pythons
  10 bats
  7 frilled lizards
  6 goblins
  22 kobolds
  5 rats
231 creatures vanquished.

Notes
Turn   | Place    | Note
-------+----------+-------------------------------------------
     0 | D:1      | timneilson the Demonspawn Gladiator began the quest for the
                  | Orb.
     0 | D:1      | Reached XP level 1. HP: 16/16 MP: 1/1
   123 | D:1      | Identified a scroll of acquirement
   123 | D:1      | Acquired the +1 pair of boots of Foxky {rPois Dex+5}
   318 | D:1      | Gained mutation: You are partially covered in thin metallic
                  | scales. (AC +2) [demonic ancestry]
   318 | D:1      | Reached XP level 2. HP: 20/22 MP: 2/2
   615 | D:1      | Reached skill level 1 in Armour
   865 | D:3      | Found a faded altar of an unknown god.
   874 | D:3      | Gained mutation: You are mostly covered in thin metallic
                  | scales. (AC +3) [demonic ancestry]
   874 | D:3      | Reached XP level 3. HP: 27/27 MP: 3/3
   940 | D:4      | Acquired a manual of Dodging
   957 | D:5      | Entered Level 5 of the Dungeon
   970 | D:5      | Found a staircase to the Ecumenical Temple.
   978 | Temple   | Entered the Ecumenical Temple
   997 | Temple   | Became a worshipper of Gozag Ym Sagoz the Greedy
  1575 | D:2      | Reached XP level 4. HP: 34/34 MP: 4/4
  2405 | D:3      | Found a radiant altar of Vehumet.
  2891 | D:4      | Gained mutation: Your touch may inflict minor irresistible
                  | damage on your foes. [demonic ancestry]
  2891 | D:4      | Reached XP level 5. HP: 26/39 MP: 5/5
  3240 | D:4      | Reached skill level 1 in Evocations
  3744 | D:5      | Noticed a phantom
  3752 | D:4      | Killed a phantom
  3753 | D:4      | Gained mutation: Your touch may inflict irresistible damage
                  | on your foes. [demonic ancestry]
  3753 | D:4      | Reached XP level 6. HP: 42/47 MP: 6/6
  3923 | D:5      | Reached XP level 7. HP: 47/52 MP: 7/7
  4180 | D:5      | Reached skill level 5 in Long Blades
  4311 | D:5      | Reached skill level 5 in Dodging
  4683 | D:6      | Reached XP level 8. HP: 26/60 MP: 8/8
  5623 | D:7      | Found an iron altar of Okawaru.
  5813 | D:7      | Found a broken altar of Ashenzari.
  5819 | D:7      | Reached skill level 5 in Armour
  6268 | D:7      | HP: 3/61 [killer bee (3)]
  6282 | D:7      | Gained mutation: You sometimes gain a little power by
                  | taking damage. [demonic ancestry]
  6282 | D:7      | Reached XP level 9. HP: 12/67 MP: 9/9
  6513 | D:7      | Reached skill level 5 in Fighting
  7017 | D:7      | Found a shimmering blue altar of Sif Muna.
  7688 | D:8      | Identified the +5 long sword of Fear {distort, rC+}
  7808 | D:8      | Found Idowidgh's Jewellery Emporium.
  7812 | D:8      | Bought the amulet of Ephemeral Luck {Reflect rPois rF- rN++
                  | Dex+3 Slay+3 SH+5} for 826 gold pieces
  7923 | D:8      | Noticed Joseph
  7938 | D:8      | Killed Joseph
  8092 | D:8      | Gained mutation: Your touch may irresistibly damage your
                  | foes and sap their willpower. [demonic ancestry]
  8092 | D:8      | Reached XP level 10. HP: 76/76 MP: 10/10
  8202 | D:8      | Found a stormy altar of Qazlal.
  8202 | D:8      | Found a bloodstained altar of Trog.
  8202 | D:8      | Found an ornate altar of the Wu Jian Council.
  8613 | D:9      | Reached skill level 5 in Evocations
  8728 | D:9      | Noticed a two-headed ogre
  8755 | D:9      | Killed a two-headed ogre
  8863 | D:9      | Noticed a centaur warrior
  9010 | D:9      | Noticed a two-headed ogre
  9146 | D:8      | Killed a two-headed ogre
  9224 | D:8      | Killed a centaur warrior
  9439 | D:9      | Noticed a skeletal warrior
  9467 | D:8      | Mangled by a skeletal warrior

Illustrated notes

Levels and vault maps discovered:
D:1:      lightli_arrival_windingriver, layout_loops_ring
D:2:      layout_basic, dk_noncrumbling_3
D:3:      layout_loops_corners, mainiacjoe_overflow_boulevard,
          shapermc_ecumenical_altar_gd, minmay_misc_feat_alley, st_stairs_8
D:4:      layout_gridville, lemuel_flame_loot_1
D:5:      layout_basic, minmay_temple_entry_stoned_glass
D:6:      layout_basic, grunt_decor_mini_mirrors
D:7:      layout_loops_cross, mainiacjoe_overflow_six_doors_small,
          lemuel_round_altar, lemuel_blue_sif_altar
D:8:      layout_cave_pools, gammafunk_temple_overflow_claw, serial_shops, shop,
          hangedman_abyss_or_decor_passed, fungi_pond_lemuel, uniq_joseph
D:9:      layout_basic, dpeg_oklobed_lair, minmay_ruined_shrine
Temple:   nicolae_temple_superstar

Skill      XL: |  1  2  3  4  5  6  7  8  9 10 |
---------------+-------------------------------+-----
Long Blades    | 3 4 5 6 7 8 |  8.4
Armour         | 1 2 3 4 5 6 7 |  7.8
Dodging        | 3 4 5 6 7 8 |  8.6
Evocations     | 1 2 3 4 5 |  5.6
Fighting       | 3 4 5 6 |  6.5
Throwing       | |  1.7
Shields        | |  0.3

Action                     |  1- 3 |  4- 6 |  7- 9 | 10-12 || total
---------------------------+-------+-------+-------+-------++-------
  Melee: Long sword        |   148 |   158 |   169 |       ||   475
         Touch             |       |    15 |    63 |    14 ||    92
         Scimitar          |       |       |   165 |    87 ||   252
  Throw: Dart              |       |       |       |     3 ||     3
    Use: Scroll            |     4 |     5 |     6 |       ||    15
         Potion            |       |       |     1 |       ||     1
   Stab: Distracted        |       |       |     2 |       ||     2
 Armour: Leather armour    |     8 |       |       |       ||     8
         Scale mail        |    46 |       |       |       ||    46
         Chain mail        |    68 |   128 |   330 |    75 ||   601
  Dodge: Dodged            |    75 |    58 |   161 |    38 ||   332
  Block: Other             |       |       |     9 |    19 ||    28
         Buckler           |       |       |       |    10 ||    10
         Reflection        |       |       |       |     3 ||     3

Table legend: (Time is in decaauts)
 A = Elapsed time spent in this place.
 B = Non-inter-level travel time spent in this place.
 C = Inter-level travel time spent in this place.
 D = Time resting spent in this place.
 E = Time spent auto-exploring this place.
 F = Levels seen in this place.
 G = Mean time per level.
                   A        B        C        D        E       F      G
               +--------+--------+--------+--------+--------+-----+--------+
         Total |   9577 |   9250 |    327 |   1471 |   5551 |  10 |  957.7 |
       Dungeon |   9539 |   9230 |    309 |   1471 |   5551 |   9 | 1059.9 |
        Temple |     38 |     20 |     18 |      0 |      0 |   1 |   38.0 |
               +--------+--------+--------+--------+--------+-----+--------+

Top non-repeatable levels by time:
     D:7: 1844 daAuts
     D:8: 1629 daAuts
     D:6: 1120 daAuts
     D:4: 1059 daAuts
     D:3: 987 daAuts
     D:2: 979 daAuts
     D:1: 739 daAuts
     D:5: 721 daAuts
     D:9: 458 daAuts
  Temple: 38 daAuts
